 Seeded DCSS version 0.30-a0-1103-g25895a7845 (webtiles) character file.

Game seed: 7851298505247932012 (custom seed)

602 Pimp the Poker (level 7, 0/55 HPs)
             Began as a Merfolk Gladiator on Apr 18, 2023.
             Slain by a gnoll sergeant
             ... wielding a +0 spear
              (9 damage)
             ... on level 5 of the Dungeon.
             The game lasted 00:06:31 (2932 turns).

Pimp the Poker (Merfolk Gladiator)                  Turns: 2932, Time: 00:06:32

Health: 0/55       AC:  6    Str: 16    XL:     7   Next: 41%
Magic:  7/7        EV: 13    Int:  7    God:
Gold:   197        SH:  0    Dex: 16    Spells: 6/6 levels left

rFire   + . .      SeeInvis .    f - +1 trident (venom)
rCold   + . .      Faith    .    (no shield)
rNeg    . . .      Spirit   .    q - +0 ring mail
rPois   +          Reflect  .    c - +0 helmet
rElec   +          Rampage  .    (no cloak)
rCorr   +                        (no gloves)
Will    .....                    (no boots)
Stlth   +                        (no amulet)
HPRegen 0.29/turn                (no ring)
MPRegen 0.10/turn                (no ring)

@: resistant
A: (nimble swimmer 2), mertail
a: no special abilities


You were on level 5 of the Dungeon.
You visited 1 branch of the dungeon, and saw 5 of its levels.

You collected 197 gold pieces.

Inventory:

Hand Weapons
 a - a +0 trident
 f - a +1 trident of venom (weapon)
Missiles
 d - 4 throwing nets (quivered)
 e - 5 javelins
Armour
 b - a +0 leather armour
 c - a +0 helmet (worn)
 q - a +0 ring mail (worn)
Jewellery
 A - a ring of see invisible
Wands
 w - a wand of mindburst (26)
Scrolls
 i - a scroll of amnesia
 j - a scroll of immolation {unknown}
 l - 2 scrolls of fog {unknown}
 m - 4 scrolls of teleportation {unknown}
 r - 2 scrolls of identify {unknown}
 t - a scroll of fear {unknown}
 v - a scroll of blinking {unknown}
 x - a scroll of vulnerability {unknown}
 y - a scroll of noise {unknown}
Potions
 g - a potion of mutation {unknown}
 k - 2 potions of berserk rage {unknown}
 n - a potion of cancellation {unknown}
 o - a potion of degeneration {unknown}
 p - a potion of heal wounds {unknown}
 s - 2 potions of resistance
 u - a potion of invisibility {unknown}
 z - 2 potions of curing {unknown}


   Skills:
 + Level 4.7 Fighting
 + Level 6.5 Polearms
 - Level 4.0 Throwing
 + Level 0.7 Armour
 + Level 6.4 Dodging


You had 6 spell levels left.
You didn't know any spells.
Your spell library contained the following spells:

 Spells                   Type           Power      Damage    Failure   Level
 Freeze                   Ice            0%         1d3       65%         1
 Magic Dart               Conj           0%         1d3       65%         1
 Call Imp                 Summ           0%         N/A       80%         2
 Frozen Ramparts          Ice            0%         1d1       95%         3
 Hailstorm                Conj/Ice       0%         3d3       95%         3
 Mephitic Cloud           Conj/Pois/Air  0%         N/A       95%         3


Dungeon Overview and Level Annotations

Branches:
Dungeon (5/15)
 Temple: D:4-7

Altars:
Sif Muna
Zin

Shops:
D:2 (   D:3 =   D:4 [


Innate Abilities, Weirdness & Mutations

((You are very nimble when in or above water. (Stealth+, EV+, Speed+++)))
Your lower body shifts to a powerful aquatic tail in water.


Message History

You struggle against the net.
You tear a large gash into the net.
The gnoll hits you with a +0 whip.
You rip the net and break free!
The gnoll misses you. The gnoll hits you with a +0 whip.
Unknown command.
You hit the gnoll.
The gnoll is heavily wounded.
The gnoll hits you from afar with a +0 halberd!
The gnoll hits you with a +0 whip.
You hit the gnoll.
The gnoll is severely wounded.
The gnoll hits you from afar with a +0 halberd.
The gnoll misses you.
You hit the gnoll.
The gnoll is poisoned.
The gnoll is almost dead.
You kill the gnoll!
The gnoll closely misses you. The gnoll hits you with a +0 halberd!
The gnoll sergeant hits you from afar with a +0 spear!
* * * LOW HITPOINT WARNING * * *
You puncture the gnoll!
The gnoll is severely wounded.
The gnoll misses you.
The gnoll sergeant hits you but does no damage.
You closely miss the gnoll.
The gnoll is severely wounded.
The gnoll hits you but does no damage.
The gnoll sergeant hits you from afar with a +0 spear!
* * * LOW HITPOINT WARNING * * *
It was a potion of resistance.
You feel protected. The gnoll misses you. The gnoll sergeant barely misses you.
You barely miss the gnoll.
The gnoll is severely wounded.
The gnoll hits you but does no damage. The gnoll sergeant closely misses you.
You barely miss the gnoll.
The gnoll is severely wounded.
The gnoll closely misses you.
The gnoll sergeant hits you from afar with a +0 spear!
You die...

#*####* ##########
****#.....##### #........# #####
,,,*#)..#.>...####........###....
,,,,..........................###
,,,*****##......##........#######
**** ####)#.##........##.....
#....#.......†##.####
###..............#
##@#........#######
#######g................
*#.g.g)g..........####### ***
**#..#####.....####.# * ,,**
*,,,****,.$##.## #.####### ,,,**
*,*** *,,####.# #........ ,,,,*
*,* **,*****.#####..###### ,,,,*
*,****,,**,,,.........### ,,,,*
*,,,,,,,,,,**##.####....##


You could see a gnoll sergeant and a gnoll.

Vanquished Creatures
  Grinder (D:5)
  An ogre (D:4)
  2 hounds
  A sleepcap (D:5)
  An iguana (D:5)
  3 orc wizards
  6 gnolls
  2 adders
  A worm (D:5)
  3 dart slugs
  9 orcs
  5 endoplasms
  A giant cockroach (D:1)
  8 goblins
  5 hobgoblins
  4 jackals (D:4)
  4 kobolds
  2 quokkas
  3 ball pythons
  2 bats (D:2)
  3 frilled lizards
  2 rats
69 creatures vanquished.

Notes
Turn   | Place    | Note
-------+----------+-------------------------------------------
     0 | D:1      | Pimp the Merfolk Gladiator began the quest for the Orb.
     0 | D:1      | Reached XP level 1. HP: 16/16 MP: 1/1
    93 | D:1      | Identified a scroll of acquirement
    93 | D:1      | Acquired a +1 trident of venom
   226 | D:1      | Reached XP level 2. HP: 23/23 MP: 2/2
   876 | D:2      | Reached XP level 3. HP: 28/28 MP: 3/3
   898 | D:2      | Found Muinuro's Antique Weapon Boutique.
  1260 | D:3      | Found a faded altar of an unknown god.
  1418 | D:3      | Found Zusmamos's Jewellery Emporium.
  1761 | D:4      | Noticed an ogre
  1768 | D:4      | Killed an ogre
  1769 | D:4      | Reached skill level 5 in Polearms
  1769 | D:4      | Reached skill level 5 in Dodging
  1769 | D:4      | Reached XP level 4. HP: 35/35 MP: 4/4
  1769 | D:4      | Reached XP level 5. HP: 41/41 MP: 5/5
  1772 | D:4      | Found Jeutered's Antique Armour Shop.
  2302 | D:4      | Reached XP level 6. HP: 22/48 MP: 6/6
  2639 | D:4      | Found a glowing silver altar of Zin.
  2639 | D:4      | Found a shimmering blue altar of Sif Muna.
  2694 | D:5      | Entered Level 5 of the Dungeon
  2728 | D:5      | Noticed Grinder
  2739 | D:5      | Killed Grinder
  2740 | D:5      | Reached XP level 7. HP: 46/55 MP: 7/7
  2932 | D:5      | Slain by a gnoll sergeant

Illustrated notes

Levels and vault maps discovered:
D:1:      minmay_arrival_wavy_path, layout_rooms
D:2:      layout_loops_ring, serial_shops, shop
D:3:      layout_rooms, serial_shops, shop, nicolae_ecumenical_oubliette
D:4:      layout_gridville, amethyst_overflow_temple_binary, serial_shops, shop,
          kennysheep_path_1, chequers_serial_rivers_room_a
D:5:      layout_rooms, uniq_grinder

Skill      XL: |  1  2  3  4  5  6 |
---------------+-------------------+-----
Fighting       | 3 4 |  4.7
Polearms       | 5 6 |  6.5
Throwing       | 3 4 |  4.0
Dodging        | 5 6 |  6.4
Armour         | |  0.7

Action                     |  1- 3 |  4- 6 |  7- 9 || total
---------------------------+-------+-------+-------++-------
  Melee: Trident           |    80 |    71 |    31 ||   182
         Punch             |     1 |     1 |       ||     2
    Use: Scroll            |     1 |     2 |       ||     3
         Potion            |       |     1 |     1 ||     2
   Stab: Sleeping          |     1 |       |       ||     1
 Armour: Leather armour    |     4 |       |       ||     4
         Ring mail         |    15 |    44 |     8 ||    67
  Dodge: Dodged            |    45 |   122 |    17 ||   184

Table legend: (Time is in decaauts)
 A = Elapsed time spent in this place.
 B = Non-inter-level travel time spent in this place.
 C = Inter-level travel time spent in this place.
 D = Time resting spent in this place.
 E = Time spent auto-exploring this place.
 F = Levels seen in this place.
 G = Mean time per level.
                   A        B        C        D        E       F      G
               +--------+--------+--------+--------+--------+-----+--------+
         Total |   2937 |   2801 |    136 |      0 |   2241 |   5 |  587.4 |
       Dungeon |   2937 |   2801 |    136 |      0 |   2241 |   5 |  587.4 |
               +--------+--------+--------+--------+--------+-----+--------+

Top non-repeatable levels by time:
     D:4: 948 daAuts
     D:2: 792 daAuts
     D:3: 509 daAuts
     D:1: 449 daAuts
     D:5: 237 daAuts
